 Dungeon Crawl Stone Soup version 0.27-a0-1200-g94dc6ad4cf (webtiles) character file.

Game seed: 4139381799834901796

1351 freelancePsychic the Distorting Demonspawn (level 8, -3/72 (96) HPs)
             Began as a Demonspawn Abyssal Knight on May 30, 2021.
             Was a Believer of Lugonu.
             Slain by a redback (7 damage)
             ... on level 5 of the Dungeon on May 31, 2021.
             The game lasted 00:13:34 (4818 turns).

freelancePsychic the Distorting Demonspawn (DsAK)   Turns: 4818, Time: 00:13:35

HP:   -3/72 (96)    AC: 24    Str: 14    XL:     8   Next: 36%
MP:   13/13         EV:  2    Int: 18    God:    Lugonu [**....]
Gold: 83            SH:  0    Dex: 17    Spells: 7/7 levels left

rFire    + . .     SeeInvis .   b - +6 hunting sling "Uxipnut" {vorpal, rElec Int+4 Dex+4}
rCold    + . .     Faith    .   (no shield)
rNeg     + + +     Spirit   .   (armour currently unavailable)
rPois    +         Reflect  .   (helmet currently unavailable)
rElec    +         Harm     .   (cloak currently unavailable)
rCorr    +         Rampage  .   (gloves currently unavailable)
Will     .....     NoTele   +   (boots currently unavailable)
Stlth    ++........             (no amulet)
HPRegen  0.22/turn              (no ring)
MPRegen  0.13/turn              (no ring)

@: brilliant, lethally poisoned (-3 -> -5), tree-form, resistant, very heavily
drained, very slow
A: stationary, stasis, torment immunity, boosted hp, (hooves 1), (thin metallic
scales 2)
a: Renounce Religion, Depart the Abyss, Bend Space


You were on level 5 of the Dungeon.
You worshipped Lugonu.
Lugonu was pleased with you.
You were a tree.
You visited 1 branch of the dungeon, and saw 6 of its levels.
You visited the Abyss 1 time.

You collected 226 gold pieces.
You spent 143 gold pieces at shops.

Inventory:

Hand Weapons
 a - a +3 scimitar
 b - the +6 hunting sling "Uxipnut" (weapon) {vorpal, rElec Int+4 Dex+4}
   (You bought it in a shop on level 3 of the Dungeon)

   Any stone fired from it inflicts extra damage.
   It affects your intelligence (+4).
   It affects your dexterity (+4).
   It insulates you from electricity.
Missiles
 n - 33 stones (quivered ammo)
Armour
 c - a +0 scale mail of willpower (melded)
 d - a +0 plate armour
Jewellery
 j - a ring of fire
Scrolls
 g - a scroll of enchant weapon
 l - a scroll of identify {@r1}
 p - a scroll of acquirement


   Skills:
 + Level 5.9 Fighting
 * Level 6.9 Long Blades
 - Level 1.7 Armour
 - Level 0.8 Dodging
 + Level 7.0 Invocations


You had 7 spell levels left.
You didn't know any spells.
Your spell library contained the following spells:

 Spells                   Type           Power      Damage    Failure   Level
 Magic Dart               Conj           0%         1d3       22%         1
 Blink                    Tloc           N/A        N/A       32%         2
 Call Imp                 Summ           0%         N/A       32%         2
 Slow                     Hex            0%         N/A       32%         2
 Conjure Flame            Conj/Fire      0%         6-21      54%         3
 Mephitic Cloud           Conj/Pois/Air  0%         N/A       54%         3


Dungeon Overview and Level Annotations

Branches:
Dungeon (6/15)
 Temple: D:4-7

Altars:
Sif Muna

Shops:
D:3 :[((?

Annotations:
D:5 2 runed translucent doors


Innate Abilities, Weirdness & Mutations

You are a tree.
Your roots penetrate the ground, keeping you stationary.
You cannot be teleported.
You are immune to unholy pain and torment.
Your maximum health is greatly increased.
Your equipment is partially melded.
((You have large cloven feet.))
((You are mostly covered in thin metallic scales. (AC +3)))


Message History

The stone closely misses the water moccasin.
You feel sick.
You feel drained.
The water moccasin bites you but does no damage.
The redback bites you but does no damage.
The water moccasin bites you but does no damage.
The redback bites you but does no damage.
Fire: 37 stones
Press: ? - help, Q - select action, (/) - cycle Shift-Dir - straight line, f/p - water moccasin
Aim: a water moccasin (almost dead, 54% to hit)
You shoot a stone.
The stone closely misses the water moccasin.
You feel sick.
You feel drained.
The water moccasin bites you but does no damage.
The redback bites you but does no damage.
The gnoll hits you but does no damage.
The water moccasin bites you but does no damage.
Fire: 36 stones
Press: ? - help, Q - select action, (/) - cycle Shift-Dir - straight line, f/p - water moccasin
Aim: a water moccasin (almost dead, 54% to hit)
You shoot a stone. The stone hits the water moccasin.
You kill the water moccasin!
Lugonu accepts your kill.
You feel sick.
You feel drained.
The redback bites you but does no damage. x2
The gnoll hits you but does no damage.
Your Invocations skill increases to level 7!
Fire: 35 stones
Press: ? - help, Q - select action, (/) - cycle Shift-Dir - straight line, f - redback
Aim: a redback (magical condensation, 62% to hit)
You shoot a stone. The stone closely misses the redback.
You feel sick.
You feel drained.
The redback bites you but does no damage. x2
The gnoll hits you but does no damage.
Fire: 34 stones
Press: ? - help, Q - select action, (/) - cycle Shift-Dir - straight line, f/p - redback
Aim: a redback (62% to hit)
You shoot a stone. The stone hits the redback.
The redback is lightly wounded.
You feel sick.
You feel drained. The redback bites you!
You die...

......#......#
###+#.#....####+##
#....#....#.....#
#.........#....########
#....+....+....#......#
##..##....#............
#..#.......≈§≈≈≈g.....
....#.......≈≈≈☼≈g.#
.....#...(...≈○_♣≈gg##.
.....#.......≈§s§≈......
... #.......☼☼s≈≈......
######.........sg..####+
.......#+##....##.#...
.......# #(...# ......
.......# #....# ##....
.......# #....# ....
+####### ##.... .#


You could see 2 redbacks, a gnoll shaman, a scorpion and 4 gnolls.

Vanquished Creatures
  Grinder (D:3)
  A redback (D:5)
  Menkaure (D:4)
  A water moccasin (D:5)
  2 necrophages
  A sky beast (D:5)
  2 wights (D:6)
  4 hounds
  A jelly (D:2)
  Terence (D:3)
  3 adders
  A worm (D:3)
  4 dart slugs
  An orc (D:3)
  5 bats
  6 endoplasms
  A giant cockroach (D:1)
  3 hobgoblins
  13 jackals
  A kobold (D:1)
  2 quokkas
  4 ball pythons
  4 frilled lizards
  7 goblins
  9 rats
79 creatures vanquished.

Vanquished Creatures (collateral kills)
  2 redbacks (D:5)
  A water moccasin (D:5)
  2 adders (D:5)
5 creatures vanquished.

Grand Total: 84 creatures vanquished

Notes
Turn   | Place    | Note
-------+----------+-------------------------------------------
     0 | Abyss:1  | freelancePsychic the Demonspawn Abyssal Knight began the
                  | quest for the Orb.
     0 | Abyss:1  | Reached XP level 1. HP: 18/18 MP: 2/2
    56 | Abyss:1  | Noticed a small abomination
    58 | Abyss:1  | Noticed a neqoxec
    59 | D:1      | Escaped the Abyss
   613 | D:1      | Gained mutation: You are partially covered in thin metallic
                  | scales. (AC +2) [demonic ancestry]
   613 | D:1      | Reached XP level 2. HP: 21/24 MP: 4/4
   700 | D:1      | Reached * piety under Lugonu
  1119 | D:2      | Reached skill level 3 in Invocations
  1354 | D:2      | Reached XP level 3. HP: 29/29 MP: 5/5
  1487 | D:2      | Found a faded altar of an unknown god.
  2068 | D:2      | Gained mutation: You are mostly covered in thin metallic
                  | scales. (AC +3) [demonic ancestry]
  2068 | D:2      | Reached XP level 4. HP: 22/35 MP: 6/6
  2205 | D:3      | Found Anko Pasopto's Armour Shoppe.
  2215 | D:3      | Found Wuwitec's Antique Weapon Shoppe.
  2407 | D:3      | Reached ** piety under Lugonu
  2445 | D:3      | Noticed Terence
  2458 | D:3      | Reached XP level 5. HP: 38/42 MP: 7/7
  2549 | D:3      | Reached skill level 4 in Invocations
  2744 | D:3      | Found Kizxon's Antique Weapon Boutique.
  2754 | D:3      | Found Laowiomm's Book Shop.
  2934 | D:3      | Noticed Grinder
  2998 | D:4      | Noticed a black bear
  3041 | D:3      | Bought a masterwork hunting sling for 143 gold pieces
  3041 | D:3      | Identified the +6 hunting sling "Uxipnut" {vorpal, rElec
                  | Int+4 Dex+4} (You bought it in a shop on level 3 of the
                  | Dungeon)
  3063 | D:3      | Found Saeruz's Magic Scroll Emporium.
  3304 | D:3      | Killed Terence
  3348 | D:3      | Killed Grinder
  3349 | D:3      | Reached skill level 5 in Invocations
  3349 | D:3      | Reached XP level 6. HP: 35/49 MP: 9/9
  3859 | D:4      | Noticed Menkaure
  3864 | D:4      | Killed Menkaure
  3865 | D:4      | Reached skill level 5 in Long Blades
  3865 | D:4      | Gained mutation: You have large cloven feet. [demonic
                  | ancestry]
  3865 | D:4      | Reached XP level 7. HP: 30/55 MP: 9/11
  4023 | D:4      | You fall into a shaft and drop 2 floors!
  4394 | D:6      | Reached skill level 5 in Fighting
  4483 | D:6      | Noticed a troll
  4500 | D:5      | Entered Level 5 of the Dungeon
  4633 | D:5      | Reached skill level 6 in Invocations
  4664 | D:5      | Found a shimmering blue altar of Sif Muna.
  4681 | D:5      | Found the +9 staff of Olgreb {rPois∞}
  4685 | D:5      | Found a runed translucent door.
  4691 | D:5      | Found a runed translucent gate.
  4691 | D:5      | Found a runed translucent gate.
  4692 | D:5      | Found a runed translucent door.
  4702 | D:5      | Found a runed translucent gate.
  4704 | D:5      | Noticed a redback
  4704 | D:5      | Noticed a redback
  4704 | D:5      | Noticed a redback
  4704 | D:5      | Noticed a redback
  4717 | D:5      | Noticed a redback
  4735 | D:5      | Killed a redback
  4746 | D:5      | Killed a redback
  4747 | D:5      | Reached XP level 8. HP: 36/63 MP: 11/13
  4814 | D:5      | Identified a scroll of acquirement
  4817 | D:5      | Reached skill level 7 in Invocations
  4818 | D:5      | Slain by a redback

Illustrated notes

Levels and vault maps discovered:
D:1:      lightli_arrival_quake, layout_basic
D:2:      layout_loops_ring, hellmonk_ecumenical_altar_crossroads
D:3:      minmay_chambers_of_twos, layout_basic, serial_shops, shop, shop,
          shop_statue, shop, shop, uniq_terence, uniq_grinder
D:4:      layout_cave_pods, tso_oasis_becter, minmay_temple_entry_poolview,
          hangedman_abyss_or_decor_passed, uniq_menkaure
D:5:      layout_gridville, old_standard_altar, xom_redecorated,
          nicolae_sif_muna_condensation, serial_shops, nicolae_shop_waterfront,
          kennysheep_little_box, nicolae_shop_crystal, nicolae_shop_crystal,
          minmay_guarded_unrand_staff_of_olgreb
D:6:      layout_loops_cross, minmay_manual_mail

Skill      XL: |  1  2  3  4  5  6  7  8 |
---------------+-------------------------+-----
Long Blades    | 2 3 4 5 6 |  6.9
Invocations    | 3 5 6 7 |  7.0
Fighting       | 4 5 |  5.9
Armour         | |  1.7
Dodging        | |  0.8

Action                   |  1- 3 |  4- 6 |  7- 9 || total
-------------------------+-------+-------+-------++-------
Melee: Falchion          |   119 |   111 |       ||   230
 Fire: Hunting sling     |       |    32 |    54 ||    86
Invok: Depart the Abyss  |     1 |       |       ||     1
  Use: Potion            |     2 |       |     5 ||     7
       Scroll            |       |     3 |     6 ||     9
Armor: Scale mail        |    66 |    67 |    22 ||   155
       Skin              |       |       |    16 ||    16
Dodge: Dodged            |    66 |    63 |    27 ||   156
       Rpst.: Falchion   |    18 |    19 |       ||    37

Table legend: (Time is in decaauts)
 A = Elapsed time spent in this place.
 B = Non-inter-level travel time spent in this place.
 C = Inter-level travel time spent in this place.
 D = Time resting spent in this place.
 E = Time spent auto-exploring this place.
 F = Levels seen in this place.
 G = Mean time per level.
                   A        B        C        D        E       F      G
               +--------+--------+--------+--------+--------+-----+--------+
         Total |   4854 |   4654 |    200 |    413 |   3337 |   7 |  693.4 |
       Dungeon |   4794 |   4594 |    200 |    413 |   3281 |   6 |  799.0 |
         Abyss |     59 |     59 |      0 |      0 |     56 |   1 |   59.0 |
               +--------+--------+--------+--------+--------+-----+--------+

Top non-repeatable levels by time:
     D:3: 1428 daAuts
     D:2: 1192 daAuts
     D:1: 1119 daAuts
     D:6: 482 daAuts
     D:5: 323 daAuts
     D:4: 249 daAuts
 Abyss:1: 59 daAuts
